 Dungeon Crawl Stone Soup version 0.28.0-62-gf88900778d (webtiles) character file.

Game seed: 16010585176644103779

748 Froggeryz the Cutter (level 7, -1/75 HPs)
             Began as an Octopode Berserker on Aug 7, 2023.
             Was an Elder of Trog.
             Slain by an orc wizard
             ... wielding a +0 dagger
              (2 damage)
             ... on level 5 of the Dungeon.
             The game lasted 00:05:28 (4300 turns).

Froggeryz the Cutter (Octopode Berserker)           Turns: 4300, Time: 00:05:28

Health: -1/75      AC:  1    Str: 16    XL:     7   Next: 77%
Magic:  0/7        EV: 14    Int:  9    God:    Trog [****..]
Gold:   268        SH:  0    Dex: 14    Spells: 6/6 levels left

rFire   . . .      SeeInvis .   t - +0 dagger (venom)
rCold   . . .      Faith    .   (no shield)
rNeg    . . .      Spirit   +   (helmet restricted)
rPois   .          Reflect  .   v - amulet of guardian spirit
rElec   .          Harm     .   (no ring)
rCorr   .          Rampage  .   (no ring)
Will    .....                   (no ring)
Stlth   ..........              (no ring)
HPRegen 0.22/turn               (no ring)
MPRegen 0.10/turn               (no ring)
                                (no ring)
                                (no ring)

@: berserking, very quick
A: almost no armour, amphibious, 8 rings, camouflage 1, gelatinous body 1,
(nimble swimmer 1), tentacles
a: Renounce Religion, Berserk, Trog's Hand, Brothers in Arms


You were on level 5 of the Dungeon.
You worshipped Trog.
Trog was greatly pleased with you.
You visited 1 branch of the dungeon, and saw 5 of its levels.
You also visited: Ossuary.

You collected 268 gold pieces.

Inventory:

Hand Weapons
 d - a +2 dagger of speed
 t - a +0 dagger of venom (weapon)
 z - a +0 rapier
 B - a +0 short sword of holy wrath
Missiles
 l - a throwing net
 m - 6 poisoned darts (quivered)
 n - 2 curare-tipped darts
Jewellery
 v - an amulet of guardian spirit (around mantle)
Wands
 w - a wand of charming (6)
Scrolls
 b - 2 scrolls of enchant armour {unknown}
 c - 5 scrolls of fear {unknown}
 f - 5 scrolls of identify {unknown}
 g - a scroll of vulnerability {unknown}
 i - a scroll of silence {unknown}
 r - 2 scrolls of immolation {unknown}
 u - a scroll of blinking {unknown}
 x - 2 scrolls of teleportation {unknown}
 y - a scroll of enchant weapon {unknown}
 A - a scroll of fog {unknown}
Potions
 a - 2 potions of resistance {unknown}
 e - 3 potions of curing
 h - 2 potions of might {unknown}
 j - a potion of attraction {unknown}
 k - 2 potions of brilliance {unknown}
 o - a potion of heal wounds {unknown}
 p - a potion of ambrosia {unknown}
 q - a potion of invisibility {unknown}
 s - a potion of haste {unknown}


   Skills:
 + Level 5.6 Fighting
 * Level 7.5 Short Blades
 - Level 3.0 Dodging


You had 6 spell levels left.
You didn't know any spells.
Your spell library was empty.

Dungeon Overview and Level Annotations

Branches:
Dungeon (5/15)            Ossuary (visited)
 Temple: D:4-7

Altars:
Ashenzari
Elyvilon
Gozag
Okawaru
Ru
Sif Muna
Uskayaw


Innate Abilities, Weirdness & Mutations

You cannot wear most types of armour.
You are amphibious.
You can wear up to eight rings at the same time.
Your skin changes colour to match your surroundings (Stealth+).
Your rubbery body absorbs attacks. (AC +1, EV +1)
((You are camouflaged when in or above water. (Stealth+)))
You have tentacles for arms and can constrict up to eight enemies at once.


Message History

You are too injured to fight recklessly!
You are too injured to fight recklessly!
You are too injured to fight recklessly!
You are too injured to fight recklessly!
A red film seems to cover your vision as you go berserk!
You feel yourself moving faster!
You feel mighty!
You constrict the orc.
The orc hits you with a +0 hand axe of flaming.
* * * LOW HITPOINT WARNING * * *
The orc burns you.
* * * LOW HITPOINT WARNING * * *
Something hits you.
* * * LOW HITPOINT WARNING * * *
The orc misses you.
You puncture the orc!
You feel the power of Trog in you as your rage grows.
You kill the orc!
Trog accepts your kill.
You constrict the orc. You hit the orc.
You kill the orc!
Trog accepts your kill. The orc wizard misses you.
You hear some strange, mumbled words.
A puff of flame appears from out of thin air!
The puff of flame hits you!
* * * LOW HITPOINT WARNING * * *
You hit the orc wizard.
The orc wizard is poisoned.
You grab the orc wizard.
The orc wizard is moderately wounded.
You constrict the orc wizard, but do no damage.
You barely miss the orc wizard.
The orc wizard is moderately wounded.
You constrict the orc wizard. The orc wizard closely misses you.
You miss something. Your squeeze misses something.
You constrict the orc wizard, but do no damage.
Something hits you.
* * * LOW HITPOINT WARNING * * *
You barely miss something. Your squeeze misses something.
You constrict the orc wizard. The orc wizard barely misses you.
You closely miss something. You constrict the orc wizard. Something hits you.
You die...

##....##### ##.### # #.#
# #.# #
####+####.#######
#...............'
########...............#
......))...............#
......o@.#############.#
.......{.+ #.#
.........# #.#
########## #.# #.#


You could see an orc wizard (very poisoned).

Vanquished Creatures
  Sigmund (D:3)
  A water moccasin (D:3)
  Jessica (D:2)
  An iguana (D:4)
  2 orc wizards
  Ijyb (D:3)
  Natasha (thrice) (D:2)
  A hound skeleton (D:4)
  A mummy (Ossuary)
  Robin (D:2)
  5 adders
  A white imp (D:5)
  An ufetubus (D:4)
  2 dart slugs
  13 orcs
  7 spectral bats (Ossuary)
  8 ball pythons
  7 endoplasms
  A giant cockroach (D:2)
  12 gnoll zombies (Ossuary)
  15 goblins
  7 hobgoblins
  6 jackals
  9 kobolds
  4 bats
  6 bat simulacra (Ossuary)
  5 frilled lizards
  2 goblin simulacra (Ossuary)
  7 goblin zombies (Ossuary)
  4 hobgoblin zombies (Ossuary)
  3 kobold simulacra (Ossuary)
  5 kobold zombies (Ossuary)
  2 orc zombies (Ossuary)
  4 rats
  3 rat simulacra (Ossuary)
  3 spectral goblins (Ossuary)
  4 spectral kobolds (Ossuary)
  3 spectral rats (Ossuary)
162 creatures vanquished.

Notes
Turn   | Place    | Note
-------+----------+-------------------------------------------
     0 | D:1      | Froggeryz the Octopode Berserker began the quest for the
                  | Orb.
     0 | D:1      | Reached XP level 1. HP: 16/16 MP: 1/1
   177 | D:1      | Reached XP level 2. HP: 21/21 MP: 2/2
   681 | D:2      | Reached XP level 3. HP: 26/26 MP: 3/3
   692 | D:2      | Noticed Jessica
   694 | D:2      | Killed Jessica
   695 | D:2      | Reached skill level 4 in Short Blades
   773 | D:2      | Reached ** piety under Trog
   800 | D:2      | Noticed Natasha
   807 | D:2      | Killed Natasha
   808 | D:2      | Reached XP level 4. HP: 33/33 MP: 4/4
  1046 | D:2      | Noticed Natasha
  1054 | D:2      | Killed Natasha
  1055 | D:2      | Reached XP level 5. HP: 27/37 MP: 5/5
  1213 | D:2      | Reached skill level 5 in Short Blades
  1287 | D:2      | Noticed Natasha
  1289 | D:2      | You fall into a shaft and drop 2 floors!
  1480 | D:4      | Found a sand-covered staircase.
  1488 | Ossuary  | Entered an ossuary
  1560 | Ossuary  | Reached *** piety under Trog
  1852 | Ossuary  | Reached XP level 6. HP: 43/43 MP: 6/6
  1939 | Ossuary  | Reached **** piety under Trog
  2328 | D:3      | Found a hide-covered altar of Uskayaw.
  2329 | D:3      | Noticed a +0 dagger
  2329 | D:3      | Noticed a +0 dagger
  2449 | D:3      | Reached skill level 6 in Short Blades
  2487 | D:3      | Noticed Sigmund
  2505 | D:3      | Killed Sigmund
  2506 | D:3      | Reached skill level 5 in Fighting
  2506 | D:3      | Reached XP level 7. HP: 30/50 MP: 7/7
  2732 | D:3      | Reached skill level 7 in Short Blades
  2885 | D:3      | Noticed Ijyb
  2894 | D:3      | Killed Ijyb
  3002 | D:3      | Found an iron altar of Okawaru.
  3002 | D:3      | Found a broken altar of Ashenzari.
  3004 | D:3      | Found a shimmering blue altar of Sif Muna.
  3015 | D:3      | Found a sacrificial altar of Ru.
  3016 | D:3      | Found a white marble altar of Elyvilon.
  3017 | D:3      | Found an opulent altar of Gozag.
  3346 | D:2      | Killed Natasha
  3472 | D:2      | Noticed Robin
  3771 | D:2      | Killed Robin
  4075 | D:5      | Entered Level 5 of the Dungeon
  4295 | D:5      | HP: 3/75 [something/puff of flame (10)]
  4298 | D:5      | HP: 1/75 [something (3)]
  4300 | D:5      | Slain by an orc wizard

Illustrated notes

Levels and vault maps discovered:
D:1:      psy_arrival_spokes, layout_basic
D:2:      layout_basic, chequers_serial_rivers_small_b, uniq_robin,
          uniq_natasha, uniq_jessica
D:3:      layout_loops_cross, grunt_temple_overflow_open,
          dancing_weapons_uskayaw, uniq_sigmund, uniq_ijyb
D:4:      layout_rooms, enter_ossuary_1
D:5:      layout_basic, tso_oasis_becter, serial_shops,
          nicolae_inconvenience_store, uniq_prince_ribbit1, uniq_eustachio

Skill      XL: |  1  2  3  4  5  6  7 |
---------------+----------------------+-----
Short Blades   | 4 5 6 7 |  7.5
Fighting       | 4 5 |  5.6
Dodging        | |  3.0

Action                   |  1- 3 |  4- 6 |  7- 9 || total
-------------------------+-------+-------+-------++-------
Melee: Short sword       |    23 |       |       ||    23
       Constrict         |    15 |    37 |    29 ||    81
       Tentacles         |    16 |    49 |    30 ||    95
       Dagger            |    31 |   212 |   106 ||   349
       Punch             |       |     3 |     1 ||     4
Throw: Dart              |       |       |     1 ||     1
Invok: Berserk           |       |     1 |     1 ||     2
       Trog's Hand       |       |     1 |       ||     1
 Stab: Sleeping          |     1 |    17 |     3 ||    21
Armor: Skin              |       |    17 |     4 ||    21
Dodge: Dodged            |    39 |   109 |    38 ||   186
